 Dungeon Crawl Stone Soup version 0.29-a0-370-gb5314be063 (webtiles) character file.

Game seed: 2056454112387962208

251 Colgate the Sneak (level 6, -4/36 HPs)
             Began as a Kobold Brigand on May 2, 2022.
             Was a Believer of Ru.
             Killed from afar by an orc wizard (10 damage)
             ... with a puff of flame
             ... on level 3 of the Dungeon.
             The game lasted 00:05:10 (2832 turns).

Colgate the Sneak (Kobold Brigand)                  Turns: 2832, Time: 00:05:11

Health: -4/36      AC:  3    Str:  8    XL:     6   Next: 36%
Magic:  6/6        EV: 14    Int: 13    God:    Ru [**....]
Gold:   31         SH:  0    Dex: 18    Spells: 5/5 levels left

rFire   x . .      SeeInvis .   g - +2 short sword (distort)
rCold   x . .      Faith    .   (no shield)
rNeg    . . .      Spirit   .   b - +0 robe
rPois   .          Reflect  .   (no helmet)
rElec   .          Harm     .   c - +0 cloak
rCorr   .          Rampage  .   (no gloves)
Will    .....                   (no boots)
Stlth   +++++.....              (no amulet)
HPRegen 0.12/turn               (no ring)
MPRegen 0.10/turn               (no ring)

@: lethally poisoned (-4 -> -9)
A: small, no large weapons, nightstalker 3, temperature sensitive
a: Renounce Religion


You were on level 3 of the Dungeon.
You worshipped Ru.
Ru was pleased with you.
You visited 1 branch of the dungeon, and saw 3 of its levels.

You collected 91 gold pieces.
You spent 60 gold pieces at shops.

Inventory:

Hand Weapons
 a - a +2 dagger
 g - a +2 short sword of distortion (weapon)
Missiles
 d - 15 poisoned darts (quivered)
 e - 3 curare-tipped darts
Armour
 b - a +0 robe (worn)
 c - a +0 cloak (worn)
Wands
 o - a wand of polymorph (9)
Scrolls
 h - a scroll of immolation {unknown}
 i - a scroll of holy word {unknown}
 j - 2 scrolls of enchant weapon {unknown}
 l - 8 scrolls of teleportation {@r3}
 n - a scroll of vulnerability {unknown}
 s - a scroll of torment {unknown}
 v - a scroll of enchant armour {unknown}
Potions
 f - a potion of flight
 k - a potion of might {@q3}
 m - 2 potions of lignification
 p - 2 potions of brilliance
 q - a potion of mutation {unknown}
 r - a potion of heal wounds {unknown}
 t - a potion of curing {@q1}
 u - a potion of ambrosia {unknown}


   Skills:
 + Level 2.8 Fighting
 - Level 6.4 Short Blades
 - Level 2.1 Throwing
 - Level 1.2 Dodging
 - Level 7.3 Stealth


You had 5 spell levels left.
You didn't know any spells.
Your spell library was empty.

Dungeon Overview and Level Annotations

Branches:
Dungeon (3/15)

Altars:
Ru

Shops:
D:1 *


Innate Abilities, Weirdness & Mutations

You are small and have problems with some larger weapons.
You are completely attuned to the shadows.
You are sensitive to extremes of temperature. (rF-, rC-)


Message History

Done exploring.
You climb downwards.
There is a stone staircase leading up here.
No target in view!
An orc comes into view.
It is wielding a +1 short sword of venom.
An orc is nearby!
The orc hits you with a +1 short sword of venom.
You are poisoned.
There are monsters nearby!
You closely miss the orc.
You feel sick. The orc hits you but does no damage.
You are more poisoned.
The orc priest shouts!
You puncture the orc!
You kill the orc!
You feel very sick.
You hear a shout!
You feel very sick.
The orc priest mumbles some strange prayers to Beogh against you.
Beogh smites you!
The orc wizard shouts!
Things that are here:
a +1 short sword of venom; a +0 leather armour; an orc corpse An orc wizard comes into view.
It is wielding a +0 dagger.
* * * LOW HITPOINT WARNING * * *
You feel very sick.
The orc wizard casts a spell.
The orc wizard flickers and vanishes!
Deactivating autopickup; reactivate with Ctrl-A.
The orc wizard casts a spell.
The orc wizard flickers and vanishes!
You hit the orc priest.
Space warps around the orc priest.
* * * LOW HITPOINT WARNING * * *
You feel sick.
The orc priest is stunned by your conviction and fails to attack.
You hit the orc priest.
The orc priest blinks!
* * * LOW HITPOINT WARNING * * *
You feel sick.
A puff of flame appears from out of thin air!
The puff of flame hits you! The fire burns you terribly!
You die...

#.........#.#####.#
#####.####.#.# #.#
#########<.....###.#.### #.#
......................># #.#
#########.....[#.......###.#
####### #.###.##.o.....#..(#
......# #.# #.##...##..#.###
#####.###.###.##)......#.#
#..##.....##@.#......#
##g#######..§.#[##.### #†##
#.#..{).#.# #..# #.#{##..#.#
##.## #.#...(.#.# #..#
#.#.##..#.# ##.# #.#.#...#.#
########'## #.#.......#
..........# #.#.###.###


You could see an orc priest.

Vanquished Creatures
  A kobold brigand (D:3)
  A scorpion (D:3)
  Crazy Yiuf (D:3)
  A gnoll (D:3)
  3 adders
  A dart slug (D:1)
  5 orcs (D:3)
  7 ball pythons
  2 endoplasms (D:2)
  2 giant cockroaches
  3 goblins
  6 hobgoblins
  4 jackals (D:2)
  3 quokkas
  3 bats
  2 frilled lizards
  6 kobolds
  5 rats
56 creatures vanquished.

Notes
Turn   | Place    | Note
-------+----------+-------------------------------------------
     0 | D:1      | Colgate the Kobold Brigand began the quest for the Orb.
     0 | D:1      | Reached XP level 1. HP: 12/12 MP: 1/1
   394 | D:1      | Reached XP level 2. HP: 17/17 MP: 2/2
   702 | D:1      | Found a faded altar of an unknown god.
   707 | D:1      | Prayed at the altar of an unknown god.
   707 | D:1      | Became a worshipper of Ru the Awakened
   710 | D:1      | Gained mutation: You are sensitive to extremes of
                  | temperature. (rF-, rC-) [Ru sacrifice]
   710 | D:1      | Reached * piety under Ru
   710 | D:1      | Reached ** piety under Ru
   961 | D:1      | Found Gibaown's General Store.
   966 | D:1      | Bought a scroll of teleportation for 30 gold pieces
  1364 | D:2      | Reached XP level 3. HP: 21/21 MP: 3/3
  1574 | D:2      | Reached skill level 5 in Short Blades
  1820 | D:3      | Noticed a scorpion
  1822 | D:3      | Killed a scorpion
  1823 | D:3      | Reached XP level 4. HP: 26/26 MP: 4/4
  1823 | D:3      | Reached XP level 5. HP: 30/30 MP: 5/5
  1881 | D:1      | Bought a potion of curing for 30 gold pieces
  1958 | D:3      | Found a runed translucent door.
  1961 | D:3      | Noticed Crazy Yiuf
  1965 | D:3      | Killed Crazy Yiuf
  2007 | D:3      | Reached skill level 6 in Stealth
  2226 | D:3      | Noticed a kobold brigand
  2235 | D:3      | Killed a kobold brigand
  2236 | D:3      | Reached skill level 7 in Stealth
  2236 | D:3      | Reached XP level 6. HP: 34/35 MP: 6/6
  2832 | D:3      | Killed from afar by an orc wizard

Illustrated notes

Levels and vault maps discovered:
D:1:      wheals_arrival_linesprint, layout_basic, serial_shops, shop,
          basic_ecumenical_altar
D:2:      layout_rooms, st_stairs_1, dk_noncrumbling_4, minmay_liquid_box
D:3:      layout_basic, dk_noncrumbling_3, uniq_crazy_yiuf_cottage

Skill      XL: |  1  2  3  4  5 |
---------------+----------------+-----
Short Blades   | 3 4 6 |  6.4
Stealth        | 7 |  7.3
Fighting       | |  2.8
Throwing       | |  2.1
Dodging        | |  1.2

Action                   |  1- 3 |  4- 6 || total
-------------------------+-------+-------++-------
Melee: Short sword       |    43 |    48 ||    91
       Dagger            |     1 |       ||     1
Invok: Sacrifice Resista |     1 |       ||     1
  Use: Scroll            |       |     4 ||     4
 Stab: Sleeping          |    24 |     8 ||    32
Armor: Robe              |     1 |     3 ||     4
Dodge: Dodged            |    11 |    29 ||    40

Table legend: (Time is in decaauts)
 A = Elapsed time spent in this place.
 B = Non-inter-level travel time spent in this place.
 C = Inter-level travel time spent in this place.
 D = Time resting spent in this place.
 E = Time spent auto-exploring this place.
 F = Levels seen in this place.
 G = Mean time per level.
                   A        B        C        D        E       F      G
               +--------+--------+--------+--------+--------+-----+--------+
         Total |   2818 |   2598 |    220 |      0 |   2149 |   3 |  939.3 |
       Dungeon |   2818 |   2598 |    220 |      0 |   2149 |   3 |  939.3 |
               +--------+--------+--------+--------+--------+-----+--------+

Top non-repeatable levels by time:
     D:1: 1379 daAuts
     D:3: 731 daAuts
     D:2: 707 daAuts
